 Dungeon Crawl Stone Soup version 0.24.0-123-gd5b16e6ec5 (webtiles) character file.

Game seed: 6082160403841716615, levelgen mode: deterministic

1860 Elellon the Basher (level 9, -7/53 HPs)
             Began as a Gargoyle Fighter on Jan 21, 2020.
             Was a Follower of Okawaru.
             Splashed by a jelly's acid (10 damage)
             ... on level 6 of the Dungeon.
             The game lasted 00:07:48 (6146 turns).

Elellon the Basher (Gargoyle Fighter)               Turns: 6146, Time: 00:07:49

Health: -7/53      AC:  5    Str: 24    XL:     9   Next: 13%
Magic:  9/9        EV:  7    Int:  8    God:    Okawaru [*.....]
Gold:   533        SH: 10    Dex:  9    Spells: 8/8 levels left

rFire    . . .     SeeInvis .   a - +0 flail
rCold    . . .     Gourm    .   c - +0 shield
rNeg     + . .     Faith    .   b - +0 scale mail
rPois    ∞         Spirit   .   l - +0 helmet
rElec    +         Reflect  .   s - +1 cloak {MR+}
rCorr    .         Harm     .   (no gloves)
MR       +....                  (no boots)
Stlth    ..........             (no amulet)
HPRegen  0.17/turn              (no ring)
MPRegen  0.11/turn              (no ring)

@: corroded
A: negative energy resistance 1, electricity resistance, unbreathing,
petrification resistance, rot immunity, AC +6
a: Heroism, Renounce Religion


You were on level 6 of the Dungeon.
You worshipped Okawaru.
Okawaru was aware of your devotion.
You were not hungry.

You visited 2 branches of the dungeon, and saw 7 of its levels.
You also visited: Ossuary.

You collected 533 gold pieces.

Inventory:

Hand Weapons
 a - a +0 flail (weapon)
Armour
 b - a +0 scale mail (worn)
 c - a +0 shield (worn)
 l - a +0 helmet (worn)
 s - a +1 cloak of magic resistance (worn)
Jewellery
 e - an uncursed ring of stealth {unknown}
 n - an uncursed ring of protection from fire {unknown}
 q - an uncursed ring of flight {unknown}
 t - an uncursed ring of magical power {unknown}
 v - an uncursed ring of positive energy {unknown}
 B - an uncursed ring of stealth {unknown}
 E - a +6 ring of evasion {unknown}
Wands
 g - a wand of enslavement (11)
 r - a wand of random effects (15)
Scrolls
 i - 5 scrolls of remove curse {unknown}
 p - 5 scrolls of identify {unknown}
 x - a scroll of teleportation {unknown}
 y - a scroll of enchant weapon {unknown}
 z - a scroll of fog {unknown}
Potions
 d - a potion of might
 h - 2 potions of agility {unknown}
 j - 3 potions of curing {unknown}
 k - 3 potions of flight {unknown}
 m - 2 potions of ambrosia {unknown}
 o - 4 potions of heal wounds {unknown}
 u - a potion of brilliance {unknown}
 w - 2 potions of cancellation {unknown}
 C - a potion of degeneration {unknown}
 D - a potion of invisibility {unknown}
Comestibles
 f - 18 rations
 A - 2 chunks of flesh


   Skills:
 + Level 4.9 Fighting
 * Level 10.1 Maces & Flails
 + Level 4.9 Armour
 + Level 4.9 Shields


You had 8 spell levels left.
You didn't know any spells.
Your spell library was empty.

Dungeon Overview and Level Annotations

Branches:
Dungeon (6/15)             Temple (1/1) D:5         Ossuary (visited)

Altars:
Cheibriados
Dithmenos
Elyvilon
Fedhas
Hepliaklqana
Kikubaaqudgha
Makhleb
Nemelex Xobeh
Okawaru
Qazlal
Ru
Sif Muna
Trog
Vehumet
Xom
Yredelemnul
Zin

Shops:
D:4 }*


Innate Abilities, Weirdness & Mutations

You are resistant to torment.
Your stone body is resilient. (AC +6)
You are immune to poison.
You resist negative energy. (rN+)
You are resistant to electric shocks. (rElec)
You can survive without breathing.
You are immune to petrification.
You are immune to rotting.


Message History

The adder bites you but does no damage. The jelly hits you but does no damage.
You hit the jelly but do no damage.
Your hands burn!
The jelly is severely wounded.
The adder bites you but does no damage. The jelly hits you.
The acid corrodes you!
You are splashed with acid!
* * * LOW HITPOINT WARNING * * *
You are too injured to fight recklessly!
You completely miss the adder. The adder barely misses you.
The adder bites you.
* * * LOW HITPOINT WARNING * * *
The jelly hits you.
* * * LOW HITPOINT WARNING * * *
You are splashed with acid!
* * * LOW HITPOINT WARNING * * *
Your shield and scale mail prevent you from hitting the jelly.
The jelly is severely wounded.
You block the adder's attack. The jelly hits you.
* * * LOW HITPOINT WARNING * * *
You are splashed with acid!
You die...

.. ....... #.#.......
#.%.......
#.###......... .... ...
.....[....
.......##.###.........
.........##.#....J......
.........##...#.@S......
.........##.##.(#).#..#.
.........##.##(.#.##
.............".#.#
#.....#..÷.....#.#
##(...÷....##.#
##...#.....## ..
##....#..>..# #.
#....##.....#


You could see a jelly and an adder.

Vanquished Creatures
  Grinder (D:4)
  Sigmund (D:4)
  2 ogres
  A black bear (D:5)
  A phantom (D:5)
  2 centaurs
  An elf zombie (Ossuary)
  3 crimson imps
  A centaur zombie (Ossuary)
  A bullfrog zombie (D:5)
  A hound (D:4)
  3 orc priests
  2 bullfrog skeletons
  A centaur skeleton (D:5)
  Crazy Yiuf (D:2)
  An iguana (D:5)
  3 orc wizards (D:4)
  6 worker ants
  5 big kobold zombies (Ossuary)
  2 mummies (Ossuary)
  4 adders
  A shadow imp (D:5)
  2 oozes
  An adder zombie (D:5)
  3 worms
  7 dart slugs
  3 leopard geckos
  18 orcs
  5 bats
  3 giant cockroaches
  2 gnoll zombies (Ossuary)
  3 goblins
  5 hobgoblins
  4 jackals (D:6)
  3 kobolds (D:1)
  5 quokkas
  2 ball pythons (D:2)
  3 frilled lizards
  2 goblin zombies (Ossuary)
  2 hobgoblin zombies (Ossuary)
  An orc zombie (Ossuary)
  5 rats
123 creatures vanquished.

Vanquished Creatures (others)
  An orc wizard (D:4)
1 creature vanquished.

Grand Total: 124 creatures vanquished

Notes
Turn   | Place    | Note
-------+----------+-------------------------------------------
     0 | D:1      | Elellon the Gargoyle Fighter began the quest for the Orb.
     0 | D:1      | Reached XP level 1. HP: 14/14 MP: 1/1
   282 | D:1      | Reached XP level 2. HP: 16/19 MP: 2/2
   421 | D:1      | Reached skill level 3 in Maces & Flails
   699 | D:1      | Reached XP level 3. HP: 20/23 MP: 3/3
   869 | D:2      | Found a sacrificial altar of Ru.
   874 | D:2      | Reached skill level 4 in Maces & Flails
   939 | D:2      | Reached XP level 4. HP: 24/28 MP: 4/4
  1151 | D:2      | Found a runed translucent door.
  1152 | D:2      | Noticed Crazy Yiuf
  1671 | D:2      | Killed Crazy Yiuf
  1671 | D:2      | Reached skill level 5 in Maces & Flails
  1852 | D:3      | Reached XP level 5. HP: 32/32 MP: 5/5
  2663 | D:4      | Found a shimmering blue altar of Sif Muna.
  2673 | D:4      | Found a bloodstained altar of Trog.
  2701 | D:4      | Found Kyoph's Assorted Antiques.
  2734 | D:4      | Reached skill level 6 in Maces & Flails
  2734 | D:4      | Reached XP level 6. HP: 30/37 MP: 6/6
  3060 | D:4      | Found Hagan's Gadget Shoppe.
  3082 | D:4      | Noticed Grinder
  3279 | D:4      | Killed Grinder
  3279 | D:4      | Reached skill level 7 in Maces & Flails
  3279 | D:4      | Reached XP level 7. HP: 38/41 MP: 7/7
  3449 | D:4      | Reached skill level 8 in Maces & Flails
  3871 | D:4      | Noticed Sigmund
  3935 | D:4      | Killed Sigmund
  4063 | D:4      | Reached skill level 9 in Maces & Flails
  4083 | D:4      | Reached XP level 8. HP: 43/46 MP: 8/8
  4241 | D:5      | Entered Level 5 of the Dungeon
  4293 | D:5      | Found a staircase to the Ecumenical Temple.
  4312 | Temple   | Entered the Ecumenical Temple
  4467 | Temple   | Became a worshipper of Warmaster Okawaru
  4519 | D:5      | Found a sand-covered staircase.
  4519 | D:5      | Found a shadowy altar of Dithmenos.
  4526 | Ossuary  | Entered an ossuary
  5154 | D:5      | Found a sacrificial altar of Ru.
  5280 | D:5      | Reached * piety under Okawaru
  5574 | D:5      | Reached skill level 10 in Maces & Flails
  5574 | D:5      | Reached XP level 9. HP: 39/52 MP: 9/9
  6146 | D:6      | Splashed by a jelly's acid

Levels and vault maps discovered:
D:1:      dpeg_cavernosity, layout_basic, serial_corexii_hall,
          corexii_hall_statues_t, chequers_hall_statues_y,
          chequers_serial_rivers_large_a
D:2:      layout_loops_ring, first_ration, lemuel_tele_altar,
          uniq_crazy_yiuf_cottage
D:3:      layout_basic
D:4:      layout_cave_pods, minitemple, serial_shops, shop, shop, uniq_grinder,
          uniq_sigmund
D:5:      minmay_razor_zed, layout_basic, kennysheep_little_box,
          lemuel_crystal_altar, minmay_temple_entry_drinking_statues,
          nicolae_ossuary_entry_ruins
D:6:      layout_rooms, gup_sewer_entry_bowl, basic_altar,
          brannock_xom_greatest_gift
Temple:   oiseaux_autumnal_temple

Skill      XL: |  1  2  3  4  5  6  7  8 |
---------------+-------------------------+-----
Maces & Flails | 3 4 5 6 7 9 10 | 10.1
Armour         | 4 |  4.9
Shields        | 4 |  4.9
Fighting       | 4 |  4.9

Action                   |  1- 3 |  4- 6 |  7- 9 || total
-------------------------+-------+-------+-------++-------
Melee: Flail             |    92 |   174 |   372 ||   638
  Eat: Chunk             |       |     7 |    11 ||    18
Armor: Scale mail        |    53 |    97 |   234 ||   384
Dodge: Dodged            |    21 |    42 |   104 ||   167
Block: Shield            |    44 |    88 |   194 ||   326
